 Dungeon Crawl Stone Soup version 0.30-a0-358-g0d69a1922f (webtiles) character file.

Game seed: 8375281895895768789

56931 mopl the Destroyer (level 14, -8/97 HPs)
             Began as an Octopode Hedge Wizard on Nov 9, 2022.
             Was an Elder of Vehumet.
             Mangled by a manticore (12 damage)
             ... on level 5 of the Lair of Beasts on Nov 10, 2022.
             The game lasted 00:57:37 (16051 turns).

mopl the Destroyer (Octopode Hedge Wizard)         Turns: 16051, Time: 00:57:39

Health: -8/97      AC:  3    Str: 10    XL:     14   Next: 83%
Magic:  28/28      EV: 18    Int: 32    God:    Vehumet [****..]
Gold:   458        SH:  0    Dex: 16    Spells: 12/34 levels left

rFire   + . .      SeeInvis +    a - +3 dagger (venom)
rCold   . . .      Faith    .    (no shield)
rNeg    . . .      Spirit   .    K - +2 hat {Stlth+}
rPois   .          Reflect  .    i - amulet of magic regeneration
rElec   .          Harm     .    o - ring of wizardry
rCorr   .          Rampage  .    z - +6 ring of intelligence
Will    +....                    y - +6 ring of intelligence
Stlth   +++++.....               I - ring of see invisible
HPRegen 0.36/turn                N - ring of protection from fire
MPRegen 0.61/turn                q - ring of the Hidden Flying Gods {Fly Dex+4 Stlth+}
                                 (no ring)
                                 (no ring)

@: about to teleport, flying, very slightly contaminated
A: almost no armour, amphibious, 8 rings, camouflage 1, gelatinous body 1,
(nimble swimmer 1), tentacles
a: Renounce Religion


You were on level 5 of the Lair of Beasts.
You worshipped Vehumet.
Vehumet was greatly pleased with you.
You visited 3 branches of the dungeon, and saw 16 of its levels.

You collected 837 gold pieces.
You spent 379 gold pieces at shops.

Inventory:

Hand Weapons
 a - a +3 dagger of venom (weapon)
 U - the +8 sling of Courage {elec, *Slow rPois rF++ rC+}
   (You found it on level 9 of the Dungeon)

   Any ammunition fired from it occasionally discharges a powerful burst of
   electricity upon striking a foe.
   rF:        It greatly protects you from fire.
   rC:        It protects you from cold.
   rPois:     It protects you from poison.
   *Slow:     It may slow you when you take damage.
 W - a +0 scimitar of flaming
Missiles
 m - 9 poisoned darts
 J - 4 javelins
 O - 5 boomerangs
 R - 5 curare-tipped darts
Armour
 K - a +2 hat of stealth (worn)
Magical Staves
 h - a staff of fire
Jewellery
 i - an amulet of magic regeneration (around mantle)
 o - a ring of wizardry (left tentacle)
 q - the ring of the Hidden Flying Gods (on tentacle) {Fly Dex+4 Stlth+}
   (You found it on level 4 of the Lair of Beasts)

   [ring of flight]

   Dex:       It affects your dexterity (+4).
   Fly:       It grants you flight.
   Stlth:     It makes you more stealthy.
 s - an amulet of the acrobat
 y - a +6 ring of intelligence (on tentacle)
 z - a +6 ring of intelligence (right tentacle)
 I - a ring of see invisible (on tentacle)
 N - a ring of protection from fire (on tentacle)
Wands
 e - a wand of flame (22)
 B - a wand of roots (32)
 C - a wand of quicksilver (13)
 D - a wand of polymorph (16)
 Q - a wand of charming (5)
 X - a wand of digging (13)
Scrolls
 d - 2 scrolls of torment {!r}
 f - a scroll of fear
 j - 4 scrolls of butterflies {unknown}
 l - 2 scrolls of teleportation
 n - a scroll of vulnerability
 t - a scroll of blinking
 v - 2 scrolls of acquirement {unknown}
 w - 2 scrolls of summoning {unknown}
 A - a scroll of silence {unknown}
 E - a scroll of brand weapon {unknown}
 F - a scroll of immolation {unknown}
 G - 3 scrolls of magic mapping {unknown}
 L - a scroll of poison
 M - 3 scrolls of enchant armour {unknown}
Potions
 b - a potion of berserk rage {!q}
 c - 2 potions of magic
 g - 3 potions of haste
 k - 3 potions of flight
 p - 3 potions of heal wounds
 r - 2 potions of invisibility
 u - a potion of brilliance
 x - 7 potions of curing
 H - 7 potions of lignification {!q}
 P - 3 potions of might
 S - a potion of resistance
 T - 2 potions of cancellation


   Skills:
 + Level 9.3 Fighting
 + Level 6.6 Staves
 + Level 9.5 Dodging
 - Level 2.6 Stealth
 + Level 10.9 Spellcasting
 + Level 11.5 Conjurations
 + Level 5.5 Hexes
 - Level 1.0 Summonings
 + Level 4.6 Translocations
 - Level 6.0 Transmutations
 - Level 2.0 Air Magic
 - Level 2.0 Poison Magic
 - Level 10.0 Evocations


You had 12 spell levels left.
You knew the following spells:

 Your Spells              Type           Power      Damage    Failure   Level
a - Magic Dart            Conj           100%       1d8       1%          1
b - Searing Ray           Conj           100%       2d8       1%          2
c - Mephitic Cloud        Conj/Pois/Air  50%        N/A       1%          3
d - Fulminant Prism       Conj/Hex       32%        3d16      1%          4
e - Blink                 Tloc           94%        N/A       1%          2
i - Irradiate             Conj/Tmut      32%        3d22      1%          5
y - Yara's Violent Unrav  Hex/Tmut       26%        3d11      1%          5

Your spell library contained the following spells:

 Spells                   Type           Power      Damage    Failure   Level
 Hailstorm                Conj/Ice       53%        3d12      1%          3
 Slow                     Hex            100%       N/A       1%          1
 Call Imp                 Summ           24%        N/A       1%          2
 Cigotuvi's Dreadful Rot  Necr/Pois/Air  52%        N/A       1%          2
 Poisonous Vapours        Pois/Air       60%        N/A       1%          2
 Frozen Ramparts          Ice            34%        1d6       1%          3
 Blade Hands              Tmut           27%        N/A       2%          5
 Ice Form                 Ice/Tmut       36%        N/A       3%          4
 Summon Ice Beast         Ice/Summ       20%        N/A       9%          4
 Summon Mana Viper        Hex/Summ       38%        N/A       9%          5
 Dragon Form              Tmut           27%        N/A       58%         7
 Discord                  Hex            26%        N/A       99%         8


Dungeon Overview and Level Annotations

Branches:
Dungeon (10/15)            Temple (1/1) D:6            Lair (5/5) D:9
  Swamp (0/4) Lair:2       Spider (0/4) Lair:2          Orc (0/2) D:10
  Slime: Lair:4-5

Altars:
Ashenzari
Cheibriados
Dithmenos
Elyvilon
Fedhas
Gozag
Hepliaklqana
Kikubaaqudgha
Makhleb
Nemelex Xobeh
Okawaru
Qazlal
Ru
Sif Muna
Trog
Uskayaw
Vehumet
Wu Jian
Xom
Yredelemnul
Zin
The Shining One

Shops:
D:1 !*[   D:6 =   D:7 :


Innate Abilities, Weirdness & Mutations

You cannot wear most types of armour.
You are amphibious.
You can wear up to eight rings at the same time.
Your skin changes colour to match your surroundings (Stealth+).
Your rubbery body absorbs attacks. (AC +1, EV +1)
((You are camouflaged when in or above water. (Stealth+)))
You have tentacles for arms and can constrict up to eight enemies at once.


Message History

You feel sick.
You hear a trumpeting!
You hear a croak.
You feel sick.
A catoblepas comes into view.
You feel sick.
The catoblepas bellows!
You hear a bellow!
You hear a howl!
You hear a bellow!
As you read the scroll of teleportation, it crumbles to dust.
You feel strangely unstable.
You feel sick.
You are no longer poisoned.
Unknown command.
The catoblepas breathes a plume of calcifying dust at you.
The blast of calcifying dust hits you.
* * * LOW HITPOINT WARNING * * *
Okay, then. 3 yaks come into view.
Your surroundings suddenly seem different. 3 yaks, a death yak and 2 manticores come into view.
The death yak bellows!
The yak bellows!
The manticore bites you.
* * * LOW HITPOINT WARNING * * *
The manticore closely misses you. The manticore claws you.
* * * LOW HITPOINT WARNING * * *
The yak moves out of view. x3
The yak bellows!
You feel much better.
The manticore bites you but does no damage.
The manticore claws you!
* * * LOW HITPOINT WARNING * * *
The manticore claws you!
* * * LOW HITPOINT WARNING * * *
Unknown command.
As you read the scroll of teleportation, it crumbles to dust.
You feel strangely unstable. The manticore barely misses you. x3
You feel much better. The manticore completely misses you.
The manticore barely misses you. The manticore misses you. The yak gores you!
* * * LOW HITPOINT WARNING * * *
The manticore bites you!!
* * * LOW HITPOINT WARNING * * *
The manticore claws you!
You die...
P

. . . . . ## #
#### P.### P
##....###....P#
.
P..8..H@YYYY...
....8..H..##...
## #.8..P.8..#
ยง##
....8.8.P##
..###
.##.....##
...P###Y
##P..P#
.......Y ##..##
.###...# ..# .#
..P


You could see a death yak, 2 manticores and 3 yaks.

Vanquished Creatures
  Gastronok (Lair:1)
  Josephine (Lair:4)
  3 hydras
  Erica (D:9)
  2 catoblepae
  Nergalle (Lair:1)
  Sonja (Lair:4)
  2 oklob plants (Lair:1)
  8 elephants
  Joseph (Lair:1)
  4 black mambas
  A torpor snail (Lair:1)
  Maggie (Lair:1)
  7 cane toads
  12 komodo dragons
  A rime drake (Lair:1)
  4 polar bears
  18 blink frogs
  2 hornets
  11 dream sheep
  A jumping spider (Lair:2)
  Sigmund (D:5)
  A shadow (D:10)
  4 culicivoras (Lair:2)
  6 wraiths
  4 wyverns
  8 basilisks
  26 yaks
  3 redbacks (Lair:2)
  4 steam dragons
  Menkaure (D:5)
  An acid dragon (D:10)
  Edmund (D:5)
  11 water moccasins
  3 black bears
  An orc warrior (D:10)
  4 ice beasts
  An ogre (D:5)
  A sky beast (D:6)
  25 wolves
  4 centaurs
  A kobold brigand (D:8)
  2 necrophages (D:6)
  12 bullfrogs
  2 gnoll sergeants
  3 scorpions
  4 wights (D:7)
  3 killer bees (D:7)
  4 howler monkeys
  7 electric eels
  4 crimson imps (D:8)
  5 hounds (D:5)
  3 jellies
  7 orc priests
  A gnoll bouda (D:7)
  4 iguanas
  Natasha (thrice) (D:4)
  9 orc wizards
  13 gnolls
  7 adders
  A shadow imp (D:7)
  3 white imps
  A worm (D:4)
  A dart slug (D:1)
  40 orcs
  6 ball pythons
  6 endoplasms
  6 giant cockroaches
  5 hobgoblins
  4 jackals (D:1)
  3 quokkas
  6 bats
  4 frilled lizards
  4 goblins
  11 kobolds
  5 rats
  2 fulminant prisms
395 creatures vanquished.

Vanquished Creatures (others)
  201 fulminant prisms
  48 fungi
  36 plants
285 creatures vanquished.

Grand Total: 680 creatures vanquished

Notes
Turn   | Place    | Note
-------+----------+-------------------------------------------
     0 | D:1      | mopl the Octopode Hedge Wizard began the quest for the Orb.
     0 | D:1      | Reached XP level 1. HP: 11/11 MP: 4/4
    42 | D:1      | Found Jofavoash's Distillery.
   173 | D:1      | Found Emorit's Assorted Antiques.
   185 | D:1      | Reached XP level 2. HP: 12/17 MP: 6/6
   193 | D:1      | Learned a level 2 spell: Blink
   318 | D:1      | Found Moegur's Armour Shoppe.
   565 | D:1      | Reached skill level 2 in Conjurations
   713 | D:2      | Reached XP level 3. HP: 17/21 MP: 5/8
   818 | D:2      | Found a faded altar of an unknown god.
  1044 | D:2      | Reached XP level 4. HP: 26/27 MP: 9/9
  1167 | D:2      | Learned a level 3 spell: Mephitic Cloud
  2052 | D:4      | Noticed Natasha
  2056 | D:4      | Killed Natasha
  2057 | D:4      | Reached skill level 4 in Spellcasting
  2057 | D:4      | Reached skill level 1 in Air Magic
  2057 | D:4      | Reached skill level 1 in Poison Magic
  2135 | D:4      | Reached skill level 3 in Conjurations
  2135 | D:4      | Reached XP level 5. HP: 21/31 MP: 7/11
  2360 | D:4      | Identified the +4 ring mail of the Endless Expanse {rC+
                  | rN++ Regen+}
  2446 | D:4      | Reached skill level 2 in Poison Magic
  2456 | D:4      | Noticed Natasha
  2585 | D:4      | Killed Natasha
  2586 | D:4      | Reached skill level 2 in Air Magic
  2586 | D:4      | Reached XP level 6. HP: 9/36 MP: 5/12
  2679 | D:4      | Noticed Natasha
  2691 | D:4      | Killed Natasha
  3097 | D:1      | Bought a scroll labelled AVUPRI LOYLAUH for 29 gold pieces
  3097 | D:1      | Bought a scroll labelled INUALI HATOBB for 29 gold pieces
  3097 | D:1      | Bought a scroll labelled ORHENT WETAA for 29 gold pieces
  3097 | D:1      | Bought a scroll labelled CETOSYN WUIH for 29 gold pieces
  3097 | D:1      | Bought a scroll labelled SEZOBL BUACUTS for 29 gold pieces
  3201 | D:5      | Entered Level 5 of the Dungeon
  3212 | D:5      | Reached skill level 1 in Evocations
  3304 | D:5      | Noticed Sigmund
  3307 | D:5      | Reached skill level 4 in Conjurations
  3314 | D:5      | Noticed Edmund
  3326 | D:5      | Killed Sigmund
  3327 | D:5      | Reached skill level 5 in Spellcasting
  3327 | D:5      | Reached skill level 2 in Evocations
  3327 | D:5      | Reached XP level 7. HP: 32/41 MP: 10/14
  3341 | D:5      | Killed Edmund
  3342 | D:5      | Reached skill level 3 in Evocations
  3489 | D:5      | Found a basalt altar of Yredelemnul.
  3495 | D:5      | Found a snail-covered altar of Cheibriados.
  3496 | D:5      | Found an iron altar of Okawaru.
  3498 | D:5      | Found a shimmering blue altar of Sif Muna.
  3500 | D:5      | Found a broken altar of Ashenzari.
  3501 | D:5      | Found an ancient bone altar of Kikubaaqudgha.
  3502 | D:5      | Found a hide-covered altar of Uskayaw.
  3542 | D:5      | Noticed Menkaure
  3559 | D:5      | Killed Menkaure
  3560 | D:5      | Reached skill level 5 in Conjurations
  3584 | D:5      | Reached XP level 8. HP: 46/46 MP: 13/16
  3606 | D:5      | Reached skill level 4 in Evocations
  3874 | D:5      | Reached skill level 6 in Spellcasting
  3921 | D:5      | Learned a level 2 spell: Searing Ray
  3926 | D:5      | Learned a level 4 spell: Fulminant Prism
  4196 | D:6      | Noticed a hornet
  4212 | D:6      | Reached skill level 6 in Conjurations
  4212 | D:6      | Reached skill level 5 in Evocations
  4244 | D:6      | Paralysed by a hornet for 2 turns
  4248 | D:6      | Killed a hornet
  4410 | D:6      | Got the Lectures on Spellbinding
  4500 | D:6      | Reached XP level 9. HP: 17/51 MP: 11/19
  4662 | D:6      | Learned a level 5 spell: Irradiate
  4714 | D:6      | Found a staircase to the Ecumenical Temple.
  4734 | D:6      | Reached skill level 1 in Transmutations
  4741 | D:6      | Reached skill level 1 in Fighting
  4833 | D:6      | Reached skill level 6 in Evocations
  4875 | Temple   | Entered the Ecumenical Temple
  5018 | D:6      | Found Muostraku's Jewellery Shop.
  5231 | D:6      | Reached skill level 7 in Spellcasting
  5416 | D:6      | Reached skill level 2 in Transmutations
  5534 | D:7      | Reached skill level 2 in Fighting
  5534 | D:7      | Reached skill level 3 in Dodging
  5560 | D:7      | Reached skill level 7 in Conjurations
  6156 | D:7      | Reached skill level 3 in Transmutations
  6196 | D:7      | Found Terosusa's Book Shoppe.
  6201 | D:7      | Reached skill level 3 in Fighting
  6201 | D:7      | Reached XP level 10. HP: 63/63 MP: 18/21
  6377 | D:1      | Bought a potion of heal wounds for 65 gold pieces
  6377 | D:1      | Bought a potion of resistance for 130 gold pieces
  6664 | D:8      | Reached skill level 7 in Evocations
  6756 | D:8      | Found a shimmering altar of Xom.
  6759 | D:8      | Reached skill level 4 in Dodging
  7203 | D:1      | Bought a potion of lignification for 39 gold pieces
  7448 | D:9      | Found a staircase to the Lair.
  7448 | D:9      | Noticed an elephant
  7517 | D:9      | Noticed Erica
  7866 | D:9      | Reached skill level 4 in Transmutations
  7941 | D:9      | Reached skill level 4 in Fighting
  8420 | D:9      | Identified the +8 sling of Courage {elec, *Slow rPois rF++
                  | rC+}
  8666 | D:9      | Killed an elephant
  8667 | D:9      | Reached skill level 8 in Spellcasting
  8667 | D:9      | Reached skill level 8 in Conjurations
  8727 | D:9      | Killed Erica
  8728 | D:9      | Reached skill level 5 in Dodging
  8728 | D:9      | Reached skill level 2 in Translocations
  8955 | D:10     | Entered Level 10 of the Dungeon
  9001 | D:10     | Reached XP level 11. HP: 37/70 MP: 20/23
  9599 | D:10     | Found a staircase to the Orcish Mines.
  9650 | D:10     | Found a radiant altar of Vehumet.
  9777 | D:10     | Became a worshipper of Vehumet
  9807 | D:10     | Reached skill level 6 in Fighting
  9807 | D:10     | Reached skill level 6 in Dodging
  9807 | D:10     | Reached skill level 9 in Spellcasting
  9807 | D:10     | Reached skill level 9 in Conjurations
  9807 | D:10     | Reached skill level 9 in Evocations
  9807 | D:10     | Reached XP level 12. HP: 79/79 MP: 23/25
  9819 | D:10     | Reached skill level 2 in Staves
  9819 | D:10     | Reached skill level 7 in Dodging
  9819 | D:10     | Reached skill level 3 in Translocations
  9819 | D:10     | Reached skill level 5 in Transmutations
  9819 | D:10     | Reached XP level 13. HP: 72/85 MP: 18/26
 10403 | D:10     | Learned a level 5 spell: Yara's Violent Unravelling
 10484 | Lair:1   | Entered Level 1 of the Lair of Beasts
 10531 | Lair:1   | Reached skill level 7 in Fighting
 10555 | Lair:1   | Noticed Nergalle
 10624 | Lair:1   | Killed Nergalle
 10625 | Lair:1   | Reached skill level 4 in Translocations
 10797 | Lair:1   | Reached skill level 1 in Hexes
 10799 | Lair:1   | Reached skill level 3 in Staves
 11012 | Lair:1   | Noticed Joseph
 11020 | Lair:1   | Reached skill level 6 in Transmutations
 11020 | Lair:1   | Reached skill level 10 in Evocations
 11038 | Lair:1   | Killed Joseph
 11039 | Lair:1   | Reached skill level 10 in Conjurations
 11093 | Lair:1   | Found a blossoming altar of Fedhas.
 11183 | Lair:1   | Reached skill level 2 in Hexes
 11211 | Lair:1   | Noticed Maggie
 11221 | Lair:1   | Killed Maggie
 11300 | Lair:1   | Reached * piety under Vehumet
 11300 | Lair:1   | Offered knowledge of Freeze by Vehumet.
 11343 | Lair:1   | Noticed Gastronok
 11381 | Lair:1   | Killed Gastronok
 11636 | Lair:1   | Reached skill level 4 in Staves
 11643 | Lair:1   | Reached skill level 8 in Dodging
 11647 | Lair:1   | Reached skill level 3 in Hexes
 11893 | Lair:2   | Reached skill level 10 in Spellcasting
 12093 | Lair:2   | Found a hole to the Spider Nest.
 12103 | Lair:2   | Offered knowledge of Momentum Strike by Vehumet.
 12103 | Lair:2   | Reached ** piety under Vehumet
 12226 | Lair:2   | Reached skill level 8 in Fighting
 13050 | Lair:2   | Reached skill level 5 in Staves
 13050 | Lair:2   | Reached skill level 4 in Hexes
 13115 | Lair:2   | Reached XP level 14. HP: 82/94 MP: 23/28
 13118 | Lair:2   | Offered knowledge of Dazzling Flash by Vehumet.
 13207 | Lair:2   | Found a staircase to the Swamp.
 14189 | Lair:4   | Reached skill level 11 in Conjurations
 14418 | Lair:4   | Noticed Josephine
 14427 | Lair:4   | Killed Josephine
 14427 | Lair:4   | Reached *** piety under Vehumet
 14456 | Lair:4   | Reached skill level 9 in Dodging
 14456 | Lair:4   | Reached skill level 5 in Hexes
 14489 | Lair:4   | Identified the ring of the Hidden Flying Gods {Fly Dex+4
                  | Stlth+}
 14609 | Lair:4   | Noticed Sonja
 14613 | Lair:4   | Reached skill level 6 in Staves
 14615 | Lair:4   | Killed Sonja
 14646 | Lair:4   | Offered knowledge of Stone Arrow by Vehumet.
 14662 | Lair:3   | Reached skill level 9 in Fighting
 15350 | Lair:5   | Entered Level 5 of the Lair of Beasts
 15820 | Lair:4   | Reached **** piety under Vehumet
 15894 | Lair:4   | Offered knowledge of Hailstorm by Vehumet.
 16051 | Lair:5   | HP: 4/97 [manticore (20)]
 16051 | Lair:5   | Mangled by a manticore

Illustrated notes

Levels and vault maps discovered:
D:1:      onia_arrival_mini_spirals, layout_loops_ring, serial_shops,
          shop_fountains, shop, nicolae_square_shop, minmay_misc_feat_tiny,
          minmay_pentomino_x2
D:2:      layout_basic, serial_curves, eino_curves_04, eino_curves_04,
          dreamdust_ecumenical_altar_statues, grunt_ministairs_2
D:3:      layout_basic
D:4:      layout_loops_ring, minmay_misc_feat_five, uniq_natasha
D:5:      layout_cave_pools, minitemple, uniq_sigmund, uniq_menkaure,
          uniq_edmund
D:6:      layout_loops_cross, minmay_temple_entry_large_hall, serial_shops,
          nicolae_take_the_stairs, kennysheep_generic_room_2
D:7:      layout_rooms, serial_shops, shop_fountains,
          nicolae_elevator_lobby_asterisk
D:8:      layout_rooms, led_xom_imps
D:9:      layout_irregular_city, david_lair_generic, uniq_erica
D:10:     layout_grid_maze, vehumet_crystals, david_orc_2, kennysheep_boxes
Temple:   compressed_dpeg_triangle_lava_temple
Lair:1:   layout_roguey, hangedman_tree_tricks, grunt_megastairs_3, uniq_joseph,
          uniq_nergalle, uniq_gastronok, uniq_maggie
Lair:2:   layout_layer_cave, swamp_mist, nicolae_spider_entry_tight_spaces
Lair:3:   layout_chaotic_city, beast_lair_carwin_9, infiniplex_staircase_pool_2,
          serial_bayou_shore_a
Lair:4:   layout_regular_city, nicolae_quartered_pool_impasse, uniq_sonja,
          uniq_josephine
Lair:5:   evilmike_catoblepas_cave, layout_misc_corridors, slime_entry_1,
          gammafunk_ghost_berserking_beasts, serial_bayou_shore_b,
          lemuel_fruit_fields

Skill      XL: |  1  2  3  4  5  6  7  8  9 10 11 12 13 14 |
---------------+-------------------------------------------+-----
Conjurations   | 2 3 4 5 6 7 8 9 10 11 | 11.5
Spellcasting   | 4 5 6 7 8 9 10 | 10.9
Air Magic      | 1 2 |  2.0
Poison Magic   | 1 2 |  2.0
Evocations     | 2 3 5 6 7 9 10 | 10.0
Transmutations | 3 4 5 6 |  6.0
Fighting       | 3 4 6 8 9 |  9.3
Dodging        | 3 5 6 7 8 9 |  9.5
Translocations | 2 3 4 |  4.6
Staves         | 2 5 6 |  6.6
Hexes          | 4 5 |  5.5
Stealth        | |  2.6
Summonings     | |  1.0

Action                   |  1- 3 |  4- 6 |  7- 9 | 10-12 | 13-15 || total
-------------------------+-------+-------+-------+-------+-------++-------
Melee: Dagger            |    44 |    16 |    15 |    53 |    81 ||   209
       Constrict         |    10 |    23 |    12 |    15 |    19 ||    79
       Tentacles         |     3 |    12 |    13 |    13 |    27 ||    68
       Punch             |     1 |       |       |     1 |     2 ||     4
       Short sword       |       |    76 |    46 |       |       ||   122
 Fire: Sling             |       |       |       |     7 |       ||     7
Throw: Dart              |       |       |       |     1 |       ||     1
 Cast: Magic Dart        |    28 |    47 |   149 |   135 |    55 ||   414
       Mephitic Cloud    |       |     8 |    18 |    21 |    22 ||    69
       Searing Ray       |       |       |    23 |    28 |    30 ||    81
       Blink             |       |       |     2 |    13 |    12 ||    27
       Fulminant Prism   |       |       |       |     7 |   196 ||   203
       Irradiate         |       |       |       |     1 |    13 ||    14
Evoke: Wand              |       |     1 |    10 |       |    12 ||    23
  Use: Potion            |       |     1 |     1 |     2 |     4 ||     8
       Scroll            |       |       |       |    12 |     8 ||    20
 Stab: Sleeping          |     8 |     6 |     3 |     2 |     1 ||    20
       Distracted        |     1 |     1 |       |       |       ||     2
       Confused          |       |     1 |       |     2 |     3 ||     6
Armor: Skin              |     2 |     4 |     5 |     5 |    15 ||    31
Dodge: Dodged            |    31 |    60 |    64 |    75 |   192 ||   422

Table legend: (Time is in decaauts)
 A = Elapsed time spent in this place.
 B = Non-inter-level travel time spent in this place.
 C = Inter-level travel time spent in this place.
 D = Time resting spent in this place.
 E = Time spent auto-exploring this place.
 F = Levels seen in this place.
 G = Mean time per level.
                   A        B        C        D        E       F      G
               +--------+--------+--------+--------+--------+-----+--------+
         Total |  16109 |  14648 |   1461 |   3709 |   7245 |  16 | 1006.8 |
       Dungeon |  10465 |   9322 |   1143 |   2281 |   4860 |  10 | 1046.5 |
        Temple |     65 |     55 |     10 |      0 |      0 |   1 |   65.0 |
          Lair |   5578 |   5272 |    306 |   1428 |   2385 |   5 | 1115.6 |
               +--------+--------+--------+--------+--------+-----+--------+

Top non-repeatable levels by time:
     D:9: 1649 daAuts
  Lair:4: 1597 daAuts
  Lair:2: 1570 daAuts
    D:10: 1506 daAuts
     D:4: 1452 daAuts
  Lair:1: 1393 daAuts
     D:6: 1222 daAuts
  Lair:3: 928 daAuts
     D:7: 880 daAuts
     D:3: 863 daAuts
     D:5: 810 daAuts
     D:1: 783 daAuts
     D:2: 728 daAuts
     D:8: 567 daAuts
  Lair:5: 88 daAuts
